 Dungeon Crawl Stone Soup version 0.16.1-2-g95b8d4c (console) character file.

244 gw the Cudgeler (level 6, -7/38 HPs)
             Began as a Tengu Chaos Knight on Mar 26, 2015.
             Mangled by an ogre
             ... wielding a +0 giant club
              (19 damage)
             ... on level 3 of the Dungeon.
             The game lasted 00:02:39 (2931 turns).

gw the Cudgeler (Tengu Chaos Knight)                Turns: 2931, Time: 00:02:39

Health: -7/38      AC:  5    Str: 12    XL:     6   Next: 10%
Magic:  8/8        EV: 13    Int: 12    God:    Xom [......]
Gold:   112        SH:  0    Dex: 16    Spells: 0 memorised, 5 levels left

rFire  + . .     SeeInvis .     a - +0 mace (chaos)
rCold  . . .     Clarity  .     b - +2 leather armour
rNeg   . . .     SustAb   .     (no shield)
rPois  .         Gourm    .     (helmet restricted)
rElec  .         Spirit   .     (no cloak)
rCorr  .         Warding  .     (no gloves)
rMut   .         Stasis   .     (boots unavailable)
MR     .....                    (no amulet)
Stlth  +.........               (no ring)
                                k - ring of protection from fire

@: not resistant to hostile enchantments, very unstealthy
A: able to fly, beak, talons 3
a: Fly, Renounce Religion


You were on level 3 of the Dungeon.
You worshipped Xom.
You were a very special plaything of Xom.
You were not hungry.

You visited 1 branch of the dungeon, and saw 3 of its levels.

You collected 112 gold pieces.

Inventory:

Hand weapons
 a - a +0 mace of chaos (weapon)
Missiles
 d - 87 stones (quivered)
 i - 5 needles of sleeping
Armour
 b - a +2 leather armour (worn)
Jewellery
 k - a ring of protection from fire (left hand)
Scrolls
 e - 2 scrolls of remove curse {unknown}
 h - 3 scrolls of identify
Potions
 l - a potion of flight
Comestibles
 c - 2 bread rations
 f - 3 meat rations
 g - 2 beef jerkies


   Skills:
 + Level 3.7 Fighting
 * Level 5.2 Maces & Flails
 + Level 2.5 Throwing
 - Level 2.1 Armour
 + Level 3.2 Dodging


You had 5 spell levels left.
You didn't know any spells.

Dungeon Overview and Level Annotations

Branches:
Dungeon (3/15)

Altars:
Kikubaaqudgha


Innate Abilities, Weirdness & Mutations

You can fly.
You have a beak for a mouth.
You have claws for feet.


Message History

Unknown command.
ATTACK MOVE TO (1,-1)
You completely miss the gnoll.
The gnoll is moderately wounded.
The gnoll misses you. The gnoll hits you but does no damage.
The gnoll hits you with a flail!
Unknown command.
Unknown command.
Unknown command.
Unknown command.
ATTACK MOVE TO (1,-1)
You hit the gnoll.
There is a sudden explosion of sparks!
You kill the gnoll!
The gnoll closely misses you.
The gnoll hits you from afar with a spear.
The gnoll hits you from afar with a spear!
The ogre hits you with a giant club!!
Ouch! That really hurt!
You die...
Xom bursts into laughter!

############# #8..8#.(.....
+....')g?.....
+....Qggg..?..
#....#Og......
#....#######+ #....# #....#
#....#
#######''''#############
.......................# .
~~~~~~~....~~~~~~~~~~~~####


You could see an ogre and 5 gnolls.

Table legend:
 A = Turns spent in this place as a percentage of turns spent in the entire game.
 B = Non-inter-level travel turns spent in this place as a percentage of non-inter-level travel turns spent in the entire game.
 C = Inter-level travel turns spent in this place as a percentage of turns spent in this place.
 D = Turns resting spent in this place as a percentage of non-inter-level travel turns spent in this place.
 E = Turns spent auto-exploring this place as a percentage of non-inter-level travel turns spent in this place.
 F = Non-inter-level travel turns spent in this place divided by the number of levels of this place that you've seen.
                   A       B       C       D       E      F
               +-------+-------+-------+-------+-------+----------------------
         Total | 100.0 | 100.0 |   0.6 |   1.3 |   2.3 | 1216.7
       Dungeon | 100.0 | 100.0 |   0.6 |   1.3 |   2.3 | 1216.7
               +-------+-------+-------+-------+-------+----------------------

Table legend:
 A = Kills in this place as a percentage of kills in entire the game.
 B = Kills by you in this place as a percentage of kills by you in the entire game.
 C = Kills by friends in this place as a percentage of kills by friends in the entire game.
 D = Other kills in this place as a percentage of other kills in the entire game.
 E = Experience gained in this place as a percentage of experience gained in the entire game.
 F = Experience gained in this place divided by the number of levels of this place that you have seen.
                   A       B       C       D       E      F
               +-------+-------+-------+-------+-------+----------------------
         Total | 100.0 | 100.0 |  -nan |  -nan | 100.0 | 116.3
       Dungeon | 100.0 | 100.0 |  -nan |  -nan | 100.0 | 116.3
               +-------+-------+-------+-------+-------+----------------------

Vanquished Creatures
  The ghost of gw the Stinger, an average FeVM (D:3)
  Jessica (D:2)
  3 gnolls (D:3)
  4 adders
  A giant mite (D:3)
  A giant gecko (D:3)
  4 bats
  A giant cockroach (D:3)
  11 goblins
  6 hobgoblins
  11 jackals
  2 giant newts
  7 kobolds
  6 rats
59 creatures vanquished.

Vanquished Creatures (others)
  A human (D:2)
1 creature vanquished.

Grand Total: 60 creatures vanquished

Notes
Turn   | Place    | Note
--------------------------------------------------------------
     0 | D:1      | gw, the Tengu Chaos Knight, began the quest for the Orb.
     0 | D:1      | Reached XP level 1. HP: 14/14 MP: 1/1
   203 | D:1      | Reached XP level 2. HP: 12/19 MP: 3/3
   243 | D:1      | XOM: divination: detect creatures
   422 | D:1      | XOM: harmless Necr miscast
   851 | D:1      | XOM: harmless Pois miscast
   925 | D:2      | XOM: harmless Erth miscast
   927 | D:2      | XOM: potion effect (curing)
   930 | D:2      | Reached XP level 3. HP: 15/23 MP: 4/4
  1005 | D:2      | XOM: silly message
  1018 | D:2      | XOM: divination: magic mapping
  1044 | D:2      | Reached skill level 1 in Throwing
  1080 | D:2      | Found an ancient bone altar of Kikubaaqudgha.
  1088 | D:2      | XOM: silly message
  1192 | D:2      | XOM: smoke on damage
  1434 | D:2      | Reached skill level 4 in Maces & Flails
  1502 | D:2      | XOM is BORED!
  1502 | D:2      | XOM: medium Necr miscast
  1580 | D:2      | Reached XP level 4. HP: 28/28 MP: 5/5
  1649 | D:2      | XOM: 2-stop teleportation journey
  1650 | D:2      | Noticed a human
  1650 | D:2      | Killed a human
  1952 | D:2      | Noticed Jessica
  1962 | D:2      | Killed Jessica
  2341 | D:3      | Noticed gw's ghost (average FeVM)
  2353 | D:3      | XOM: chaos cloud
  2359 | D:3      | Paralysed by you for 5 turns
  2359 | D:3      | XOM: mild Pois miscast
  2373 | D:3      | Killed gw's ghost
  2373 | D:3      | Reached skill level 5 in Maces & Flails
  2373 | D:3      | Reached XP level 5. HP: 15/33 MP: 7/7
  2742 | D:3      | Reached XP level 6. HP: 20/38 MP: 8/8
  2927 | D:3      | Noticed an ogre
  2931 | D:3      | Mangled by an ogre

Action                   |  1- 3 |  4- 6 || total
-------------------------+-------+-------++-------
Melee: Mace              |    60 |    96 ||   156
Throw: Stone             |    69 |    42 ||   111
  Use: Scroll            |     4 |       ||     4
       Potion            |       |     4 ||     4
 Stab: Paralysed         |       |     4 ||     4
       Sleeping          |       |     1 ||     1
  Eat: Chunk             |     2 |     5 ||     7

Vault maps used:
D:1:      lemuel_arrival_cross
D:2:      first_bread, moated_statue, tgw_kikubaaqudgha, uniq_jessica
D:3:      lemuel_castle_with_subvaults, roderic_batcave
